AoeStats
← LM | TornardoBriese

Black Forest

504318242Analyzed
1v1 RM · 28d ago on Sep 4, 2026· 41m 12s· 2 players
Game mode
Random Map
Map size
Tiny (2 player)
Population
200
Speed
Normal
Resources
Standard
Victory
Conquest
Starting age
Dark Age
Ending age
Imperial Age
RankedLock teamsTeams togetherTeam positionsShared explorationLock speedFull tech treeHidden civsTurbo modeCheats
Victory
Defeat
🇨🇭 Persians · Switzerland
1189
+15
🇵🇪 Mapuche · Peru
1169
-15
Nagflar
2:03 Loom
10:41 Feudal Age
11:19 Double-Bit Axe
16:12 Stone Mining
18:50 Castle Age
19:46 Fletching
20:39 Padded Archer Armor
20:36 Elite Skirmisher
36:07 Imperial Age
34:33 Bow Saw
33:43 Pikeman
34:04 Horse Collar
35:12 Heavy Plow
37:18 Forging
39:01 Scale Mail Armor
LM | TornardoBriese
0:26 Loom
11:13 Feudal Age
16:18 Castle Age
15:14 Double-Bit Axe
16:32 Fletching
16:24 Crossbowman
22:20 Town Watch
23:22 Wheelbarrow
23:09 Padded Archer Armor
24:55 Bow Saw
24:43 Horse Collar
27:31 Heavy Plow
28:03 Hand Cart
32:57 Imperial Age
31:11 Scale Barding Armor
31:16 Forging
31:41 Gold Mining
32:37 Chain Barding Armor
32:22 Husbandry
33:00 Padded Archer Armor
33:37 Iron Casting
33:22 Bloodlines
32:58 Cavalier
34:45 Crop Rotation
35:31 Gold Shaft Mining
35:51 Savar
37:42 Plate Barding Armor
39:47 Chemistry
39:49 Blast Furnace
39:31 Padded Archer Armor
40:44 Conscription
41:23 Leather Archer Armor
41:04 Bodkin Arrow
42:46 Two-Man Saw
Connection lost

Rejoining the realm…

Still unreachable

The connection could not be restored.

Session expired

The server has moved on; the page needs a fresh start.